 Dungeon Crawl Stone Soup version 0.32-a0-471-gb91d5d9764 (webtiles) character file.

Game seed: 17824103513206856820

8245 shadizar the Thaumaturge (level 11, -19/76 HPs)
             Began as a Djinni Conjurer on Feb 25, 2024.
             Was a Priest of Makhleb.
             Demolished by a boulder beetle (29 damage)
             ... on level 1 of the Lair of Beasts.
             The game lasted 00:22:26 (10783 turns).

shadizar the Thaumaturge (Djinni Conjurer)         Turns: 10783, Time: 00:22:26

Health: -19/76     AC: 10    Str:  6    XL:     11   Next: 52%
Gold:   316        EV: 14    Int: 23    God:    Makhleb [***...] SH:  0 Dex: 13

rFire   + + +        l - staff of death
rCold   . . .        (no shield)
rNeg    + . .        e - +0 steam dragon scales
rPois   ∞            w - +0 hat "Orysar" {^Contam rF+ Will+++ SInv}
rElec   .            D - +0 cloak
rCorr   .            (no gloves)
SInv    +            (boots unavailable)
Will    ++++.        (no amulet)
Stlth   ++           m - +4 ring of protection
HPRegen 0.32/turn    t - ring of protection from cold
MPRegen 0.00/turn

%: infuse magic (-20 HP)
@: flying
A: sickness immunity, fire resistance 2, cold vulnerability 1, float, innate
caster, HP casting, extra vitality 1
a: Renounce Religion, Minor Destruction, Lesser Servant of Makhleb


You were on level 1 of the Lair of Beasts.
You worshipped Makhleb.
Makhleb was most pleased with you.
You visited 3 branches of the dungeon, and saw 11 of its levels.

You collected 572 gold pieces.
You spent 256 gold pieces at shops.

Inventory:

Hand Weapons
 r - the +6 dagger of Analysis {speed, +Blink rF+ Will+ Dex+3}
   (You took it off an orc on level 3 of the Dungeon)

   Dex+3:     It affects your dexterity (+3).
   rF+:       It protects you from fire.
   Will+:     It increases your willpower.
   +Blink:    It lets you blink.
Armour
 e - +0 steam dragon scales (worn)
 w - the +0 hat "Orysar" (worn) {^Contam rF+ Will+++ SInv}
   (You bought it in a shop on level 1 of the Dungeon)

   rF+:       It protects you from fire.
   Will+++:   It greatly increases your willpower.
   SInv:      It lets you see invisible.
   ^Contam:   It causes magical contamination when unequipped.
 D - a +0 cloak (worn)
 I - a +0 helmet
Magical Staves
 l - a staff of death (weapon)
 n - a staff of cold
Jewellery
 m - a +4 ring of protection (left hand)
 t - a ring of protection from cold (right hand)
 y - a +6 ring of dexterity
 z - a ring of fire
 C - a +6 ring of intelligence
Wands
 q - a wand of polymorph (5)
 s - a wand of flame (47)
 x - a wand of iceblast (4)
 G - a wand of mindburst (5)
Scrolls
 a - 4 scrolls of enchant weapon
 c - 4 scrolls of identify
 f - 4 scrolls of teleportation
 g - a scroll of fog
 h - a scroll of summoning
 i - 2 scrolls of brand weapon
 H - a scroll of acquirement {unknown}
 J - a scroll of revelation
 K - a scroll of immolation {unknown}
Potions
 b - 2 potions of might
 d - 2 potions of cancellation
 j - a potion of haste
 k - 2 potions of enlightenment
 o - 2 potions of berserk rage
 p - a potion of invisibility
 u - 2 potions of brilliance
 A - a potion of resistance
 B - a potion of curing
 E - 2 potions of lignification
 F - a potion of attraction {unknown}
 L - a potion of ambrosia {unknown}


   Skills:
 + Level 5.6 Fighting
 + Level 6.7 Dodging
 - Level 1.5 Stealth
 + Level 12.3 Spellcasting
 + Level 12.3 Conjurations
 + Level 12.3 Hexes
 + Level 12.3 Summonings
 + Level 12.3 Necromancy
 + Level 12.3 Translocations
 + Level 12.3 Fire Magic
 + Level 12.3 Ice Magic
 + Level 12.3 Air Magic
 + Level 12.3 Earth Magic
 + Level 12.3 Alchemy


You knew the following spells:

 Your Spells              Type           Power      Damage    Failure   Level
a - Magic Dart            Conj           100%       1d8       1%          1
b - Searing Ray           Conj           100%       2d8       1%          2
c - Fulminant Prism       Conj/Alch      31%        3d15      1%          4
d - Iskenderun's Mystic   Conj/Tloc      63%        2d13      1%          4
e - Sting                 Conj/Alch      100%       1d9       1%          1
f - Ensorcelled Hibernat  Hex/Ice        100%       N/A       1%          2
g - Confusing Touch       Hex            63%        N/A       1%          3
h - Leda's Liquefaction   Alch/Erth      31%        N/A       1%          4
i - Airstrike             Air            31%        2d(5-21)  1%          4
Your spell library was empty.

Dungeon Overview and Level Annotations

Branches:
Dungeon (9/15)             Temple (1/1) D:4            Lair (1/5) D:9
    Orc: D:9-12

Altars:
Ashenzari
Cheibriados
Dithmenos
Elyvilon
Fedhas
Gozag
Hepliaklqana
Makhleb
Nemelex Xobeh
Okawaru
Qazlal
Ru
Trog
Uskayaw
Wu Jian
Xom
Yredelemnul
Zin
The Shining One
Beogh

Shops:
D:1 [   D:8 !   D:9 !


Innate Abilities, Weirdness & Mutations

You are immune to sickness and miasma.
You are immune to poison.
Your flesh is very heat resistant. (rF++)
You are vulnerable to cold. (rC-)
You float through the air rather than walking.
You learn spells naturally, not from books.
Your magical power is your life essence.
You have superior vitality. (+4 MHP)


Message History

What are your orders? t - Shout!
Orders for allies: a - Attack new target. p - Attack previous target. r - Retreat! s - Stop attacking. g - Guard the area. f - Follow me.
Anything else - Cancel.
Okay, then.
The boulder beetle attacks as it pursues you!
The boulder beetle bites you!
* * * LOW HITPOINT WARNING * * *
There is a stone staircase leading down here.
Okay, then.
You feel much better.
The boulder beetle leaps!
The boulder beetle curls into a ball and begins rolling!
The boulder beetle closely misses you.
The boulder beetle stops rolling and uncurls.
The boulder beetle attacks as it pursues you!
The boulder beetle barely misses you.
The boulder beetle curls into a ball and begins rolling!
The boulder beetle attacks as it pursues you!
The boulder beetle hits you but does no damage.
The boulder beetle stops rolling and uncurls.
The boulder beetle bites you but does no damage.
Things that are here:
a water moccasin skeleton; a cane toad skeleton The boulder beetle attacks as it pursues you!
The boulder beetle barely misses you.
The boulder beetle attacks as it pursues you!
The boulder beetle bites you.
The boulder beetle attacks as it pursues you!
The boulder beetle bites you.
The boulder beetle curls into a ball and begins rolling!
The boulder beetle hits you!!
* * * LOW HITPOINT WARNING * * *
The boulder beetle stops rolling and uncurls.
The boulder beetle waves its antennae.
The boulder beetle curls into a ball and begins rolling!
There is a staircase back to the Dungeon here.
The boulder beetle hits you!!
You die...

#..####P##..#.#.............
#...........................
######..###.##.......######...#..
...#......#.##....#### ##.:....
#..#...>....##.....## #......(
##.#................## #..####.
#...#................# #....#..
......#.##..........## ###..#..
......#........B@..## ##.#..
..............○....# #....
.............°.....## #P##.
#...P..###..°###P...### ###P.
#...#..##....####.....# ##.
...##..###...#......#.# #.
###.#?.P##P..#.##.....# #.
##...##......##...#.P #.
##..##.P.#..##...#.## #.


You could see a boulder beetle (rolling).

Vanquished Creatures
  A two-headed ogre (D:9)
  A black mamba (Lair:1)
  Joseph (Lair:1)
  2 cane toads (Lair:1)
  A komodo dragon (D:9)
  A troll (D:9)
  A polar bear (Lair:1)
  A blink frog (D:9)
  A hornet (D:8)
  2 wyverns
  A basilisk (D:9)
  4 yaks (D:8)
  Eustachio (D:5)
  3 steam dragons
  8 water moccasins
  A black bear (D:4)
  2 ice beasts
  A sky beast (D:8)
  2 orc warriors
  An ogre (D:3)
  2 centaurs
  3 phantoms
  8 bullfrogs
  3 scorpions
  4 wights (D:8)
  A bombardier beetle (D:2)
  3 howler monkeys
  A jelly (D:6)
  5 orc priests
  2 gnoll boudas
  10 orc wizards
  6 iguanas
  Natasha (thrice) (D:2)
  9 adders
  12 gnolls
  4 shadow imps
  A white imp (D:5)
  4 ufetubi (D:6)
  The ghost of Goblin1989 the Sneak, a weakling DsDe of Hepliaklqana (D:3)
  A dart slug (D:3)
  3 ribbon worms
  32 orcs
  3 endoplasms
  3 giant cockroaches
  13 goblins
  8 hobgoblins
  3 jackals (D:2)
  5 quokkas
  5 ball pythons
  7 bats
  2 frilled lizards
  6 kobolds
  5 rats
214 creatures vanquished.

Vanquished Creatures (others)
  7 fulminant prisms
7 creatures vanquished.

Grand Total: 221 creatures vanquished

Notes
Turn   | Place    | Note
-------+----------+-------------------------------------------
     0 | D:1      | shadizar the Djinni Conjurer began the quest for the Orb.
     0 | D:1      | shadizar set off with the following spells memorised: Magic
                  | Dart, Searing Ray, Fulminant Prism, Iskenderun's Mystic
                  | Blast.
     0 | D:1      | Reached XP level 1. HP: 15/15 MP: 0/0
   229 | D:1      | Found Rucet's Antique Armour Boutique.
   352 | D:1      | Reached XP level 2. HP: 19/22 MP: 0/0
   873 | D:2      | Reached skill level 1 in Fighting
  1064 | D:2      | Reached XP level 3. HP: 25/27 MP: 0/0
  1064 | D:2      | Learned a level 1 spell: Sting
  1194 | D:2      | Found Nuivifyt's Assorted Antiques.
  1219 | D:2      | Noticed Natasha
  1224 | D:2      | Killed Natasha
  1225 | D:2      | Reached XP level 4. HP: 19/33 MP: 0/0
  1761 | D:2      | Reached XP level 5. HP: 34/38 MP: 0/0
  1761 | D:2      | Learned a level 2 spell: Ensorcelled Hibernation
  1802 | D:2      | Noticed Natasha
  1807 | D:2      | Killed Natasha
  2038 | D:3      | Found a runed translucent gate.
  2039 | D:3      | Found a runed translucent gate.
  2040 | D:3      | Found a runed translucent gate.
  2042 | D:3      | Identified the +6 dagger of Analysis {speed, +Blink rF+
                  | Will+ Dex+3}
  2042 | D:3      | Identified the +7 chain mail of Hedging {rF+}
  2042 | D:3      | Noticed Goblin1989's ghost (weakling DsDe)
  2306 | D:3      | Noticed an ogre
  2385 | D:3      | Found an opulent altar of Gozag.
  2564 | D:3      | Killed an ogre
  2565 | D:3      | Reached XP level 6. HP: 40/46 MP: 0/0
  2883 | D:3      | Found a roughly hewn altar of Beogh.
  3029 | D:4      | Noticed a black bear
  3037 | D:4      | Killed a black bear
  3038 | D:4      | Reached XP level 7. HP: 42/51 MP: 0/0
  3038 | D:4      | Learned a level 3 spell: Confusing Touch
  3168 | D:4      | Found a staircase to the Ecumenical Temple.
  3186 | Temple   | Entered the Ecumenical Temple
  3205 | Temple   | Became a worshipper of Makhleb the Destroyer
  3290 | D:4      | Reached skill level 5 in Dodging
  3387 | D:4      | Reached skill level 5 in Spellcasting
  3387 | D:4      | Reached skill level 5 in Conjurations
  3387 | D:4      | Reached skill level 5 in Hexes
  3387 | D:4      | Reached skill level 5 in Summonings
  3387 | D:4      | Reached skill level 5 in Necromancy
  3387 | D:4      | Reached skill level 5 in Translocations
  3387 | D:4      | Reached skill level 5 in Fire Magic
  3387 | D:4      | Reached skill level 5 in Ice Magic
  3387 | D:4      | Reached skill level 5 in Air Magic
  3387 | D:4      | Reached skill level 5 in Earth Magic
  3387 | D:4      | Reached skill level 5 in Alchemy
  3909 | D:4      | Reached XP level 8. HP: 54/58 MP: 0/0
  4025 | D:5      | Entered Level 5 of the Dungeon
  4082 | D:5      | Noticed Eustachio
  4154 | D:5      | Killed Eustachio
  4431 | D:5      | Reached XP level 9. HP: 31/62 MP: 0/0
  4431 | D:5      | Learned a level 4 spell: Leda's Liquefaction
  4547 | D:5      | Found a bloodstained altar of Trog.
  4759 | D:5      | Reached * piety under Makhleb
  7416 | D:8      | Noticed a manticore
  7416 | D:8      | Noticed a two-headed ogre
  7416 | D:8      | Found Jeallif's Distillery.
  7417 | D:8      | Noticed a troll
  7418 | D:8      | Noticed a cyclops
  7419 | D:8      | Noticed a centaur warrior
  7419 | D:8      | Noticed an arcanist
  7428 | D:8      | Noticed a cyclops
  7584 | D:1      | Bought a runed hat for 112 gold pieces
  7584 | D:1      | Bought a faintly humming hat for 144 gold pieces
  7584 | D:1      | Identified the +0 hat "Orysar" {^Contam rF+ Will+++ SInv}
                  | (You bought it in a shop on level 1 of the Dungeon)
  7627 | D:2      | Noticed Natasha
  7637 | D:2      | Killed Natasha
  7692 | D:3      | Reached ** piety under Makhleb
  7694 | D:3      | Killed Goblin1989's ghost
  8030 | D:8      | Noticed a hornet
  8037 | D:8      | Killed a hornet
  8038 | D:8      | Reached XP level 10. HP: 57/68 MP: 0/0
  8166 | D:8      | Reached skill level 10 in Spellcasting
  8166 | D:8      | Reached skill level 10 in Conjurations
  8166 | D:8      | Reached skill level 10 in Hexes
  8166 | D:8      | Reached skill level 10 in Summonings
  8166 | D:8      | Reached skill level 10 in Necromancy
  8166 | D:8      | Reached skill level 10 in Translocations
  8166 | D:8      | Reached skill level 10 in Fire Magic
  8166 | D:8      | Reached skill level 10 in Ice Magic
  8166 | D:8      | Reached skill level 10 in Air Magic
  8166 | D:8      | Reached skill level 10 in Earth Magic
  8166 | D:8      | Reached skill level 10 in Alchemy
  8375 | D:8      | Found the +3 pair of mountain boots {steadfast, rC+}
  8821 | D:9      | Noticed a two-headed ogre
  8832 | D:9      | Killed a two-headed ogre
  8995 | D:9      | Noticed a komodo dragon
  9003 | D:9      | Killed a komodo dragon
  9044 | D:9      | Reached XP level 11. HP: 56/73 MP: 0/0
  9044 | D:9      | Learned a level 4 spell: Airstrike
  9182 | D:9      | Found a staircase to the Lair.
  9192 | D:9      | Reached *** piety under Makhleb
  9700 | D:9      | Found Qodome's Distillery.
 10115 | Lair:1   | Entered Level 1 of the Lair of Beasts
 10234 | Lair:1   | Reached skill level 5 in Fighting
 10408 | Lair:1   | Noticed Joseph
 10424 | Lair:1   | Killed Joseph
 10739 | Lair:1   | Noticed a boulder beetle
 10783 | Lair:1   | Demolished by a boulder beetle

Illustrated notes

Levels and vault maps discovered:
D:1:      dpeg_arrival_orchard, layout_basic, serial_shops, shop_fountains
D:2:      layout_loops_ring, serial_shops,
          nicolae_shop_temple_entry_statues_fountains, grunt_ministairs_15,
          kennysheep_generic_room_5, uniq_natasha
D:3:      layout_loops_ring, grunt_gozag_breadcrumbs,
          biasface_ghost_orc_armoury, minmay_goblin_outpost
D:4:      layout_basic, minmay_temple_entry_statues_pillars
D:5:      layout_rooms, marbit_many_paths, uniq_eustachio
D:6:      layout_loops_ring, nicolae_sextant
D:7:      layout_basic
D:8:      layout_rooms, serial_shops, shop, onia_ninara_dug_in_and_dangerous
D:9:      layout_basic, dpeg_lair_monsters, serial_shops,
          nicolae_shop_industrial_runoff
Temple:   nicolae_temple_slightly_damp_pantheon
Lair:1:   layout_loops_ring, uniq_joseph

Skill      XL: |  1  2  3  4  5  6  7  8  9 10 11 |
---------------+----------------------------------+-----
Fighting       | 1 2 3 4 5 |  5.6
Dodging        | 3 4 5 6 |  6.7
Spellcasting   | 4 5 7 9 11 12 | 12.3
Conjurations   | 4 5 7 9 11 12 | 12.3
Hexes          | 4 5 7 9 11 12 | 12.3
Summonings     | 4 5 7 9 11 12 | 12.3
Necromancy     | 4 5 7 9 11 12 | 12.3
Translocations | 4 5 7 9 11 12 | 12.3
Fire Magic     | 4 5 7 9 11 12 | 12.3
Ice Magic      | 4 5 7 9 11 12 | 12.3
Air Magic      | 4 5 7 9 11 12 | 12.3
Earth Magic    | 4 5 7 9 11 12 | 12.3
Alchemy        | 4 5 7 9 11 12 | 12.3
Stealth        | |  1.5

Action                     |  1- 3 |  4- 6 |  7- 9 | 10-12 || total
---------------------------+-------+-------+-------+-------++-------
  Melee: Staff             |       |       |    18 |       ||    18
   Cast: Magic Dart        |    49 |    74 |   186 |    86 ||   395
         Searing Ray       |     1 |    10 |     3 |     2 ||    16
         Iskenderun's Myst |       |       |    60 |    64 ||   124
         Fulminant Prism   |       |       |     1 |     6 ||     7
         Airstrike         |       |       |       |    26 ||    26
    Use: Scroll            |       |       |    22 |     1 ||    23
         Potion            |       |       |       |     4 ||     4
 Armour: Robe              |     4 |    14 |    35 |       ||    53
         Steam dragon scal |       |       |    19 |    34 ||    53
  Dodge: Dodged            |     7 |    16 |    44 |    16 ||    83

Table legend: (Time is in decaauts)
 A = Elapsed time spent in this place.
 B = Non-inter-level travel time spent in this place.
 C = Inter-level travel time spent in this place.
 D = Time resting spent in this place.
 E = Time spent auto-exploring this place.
 F = Levels seen in this place.
 G = Mean time per level.
                   A        B        C        D        E       F      G
               +--------+--------+--------+--------+--------+-----+--------+
         Total |  10794 |  10219 |    575 |      0 |   8589 |  11 |  981.3 |
       Dungeon |  10085 |   9523 |    562 |      0 |   8049 |   9 | 1120.6 |
        Temple |     41 |     29 |     12 |      0 |      0 |   1 |   41.0 |
          Lair |    667 |    667 |      0 |      0 |    540 |   1 |  667.0 |
               +--------+--------+--------+--------+--------+-----+--------+

Top non-repeatable levels by time:
     D:7: 1361 daAuts
     D:3: 1270 daAuts
     D:4: 1198 daAuts
     D:9: 1154 daAuts
     D:8: 1100 daAuts
     D:2: 1084 daAuts
     D:6: 1036 daAuts
     D:5: 1013 daAuts
     D:1: 866 daAuts
  Lair:1: 667 daAuts
  Temple: 41 daAuts
